 Dungeon Crawl Stone Soup version 0.31-a0-145-g046c7d2549 (webtiles) character file.

Game seed: 16777362106145000391

211 night the Shooter (level 5, -4/45 HPs)
             Began as a Demigod Hunter on June 5, 2023.
             Succumbed to an orc wizard's poison
             ... on level 3 of the Dungeon.
             The game lasted 00:04:28 (2570 turns).

night the Shooter (Demigod Hunter)                  Turns: 2570, Time: 00:04:29

Health: -4/45      AC:  5    Str: 12    XL:     5   Next: 31%
Magic:  7/7        EV: 13    Int: 11    God:
Gold:   129        SH:  0    Dex: 21    Spells: 4/4 levels left

rFire   + + .        a - +0 shortbow
rCold   + . .        (shield currently unavailable)
rNeg    . . .        c - +0 leather armour
rPois   .            g - +1 helmet
rElec   .            h - scarf {rC+ rF+}
rCorr   .            (no gloves)
SInv    .            (no boots)
Will    .....        (no amulet)
Stlth   ++           f - ring of protection from fire
HPRegen 0.27/turn    (no ring)
MPRegen 0.10/turn

%: no passive effects
@: lethally poisoned (-4 -> -28)
A: high MP 1, forlorn, divine attributes
a: no special abilities


You were on level 3 of the Dungeon.
You visited 1 branch of the dungeon, and saw 3 of its levels.

You collected 129 gold pieces.

Inventory:

Hand Weapons
 a - a +0 shortbow (weapon)
Missiles
 e - 10 stones
Armour
 c - a +0 leather armour (worn)
 g - a +1 helmet (worn)
 h - a scarf of resistance (worn)
Jewellery
 f - a ring of protection from fire (left hand)
Scrolls
 b - a scroll of butterflies
 d - 2 scrolls of vulnerability
 j - 3 scrolls of noise
 n - a scroll of immolation {unknown}
 o - 3 scrolls of teleportation {unknown}
 q - a scroll of poison {unknown}
 r - a scroll of fog {unknown}
Potions
 i - 4 potions of berserk rage
 k - a potion of heal wounds
 l - a potion of brilliance {unknown}
 m - 2 potions of haste {unknown}
 p - a potion of invisibility {unknown}


   Skills:
 + Level 3.0 Fighting
 * Level 5.1 Ranged Weapons
 + Level 3.1 Dodging
 - Level 0.8 Stealth


You had 4 spell levels left.
You didn't know any spells.
Your spell library contained the following spells:

 Spells                   Type           Power      Damage    Failure   Level
 Magic Dart               Conj           0%         1d3       41%         1
 Necrotise                Necr           0%         1d4       41%         1
 Dazzling Flash           Conj/Hex       0%         N/A       80%         3
 Vampiric Draining        Necr           0%         2d6       80%         3
 Agony                    Necr           0%         N/A       100%        5
 Silence                  Hex/Air        0%         N/A       100%        5


Dungeon Overview and Level Annotations

Branches:
Dungeon (3/15)


Innate Abilities, Weirdness & Mutations

You have an increased reservoir of magic. (+10% MP)
You shall have no god before yourself.
Your divine heritage dramatically boosts your attributes as you level up.


Message History

You kill the orc!
You shoot an arrow.
The arrow hits the orc wizard but does no damage.
The orc wizard casts a spell.
The orc wizard flickers and vanishes!
Deactivating autopickup; reactivate with Ctrl-A.
No target in view!
No target in view!
There is an open door here.
You shoot an arrow. Something hits you but does no damage.
You are poisoned.
You shoot an arrow.
You feel sick. Something hits you but does no damage.
You are more poisoned.
You shoot an arrow.
You feel very sick. Something hits you.
You are more poisoned.
You hear some strange, mumbled words.
A puff of flame appears from out of thin air!
The puff of flame hits you. You resist.
You shoot an arrow.
You feel very sick. Something hits you.
You are more poisoned.
You shoot an arrow.
You feel very sick. Something hits you.
You are more poisoned.
You shoot an arrow.
* * * LOW HITPOINT WARNING * * *
You feel extremely sick. Something hits you but does no damage.
You are more poisoned.
You shoot an arrow.
* * * LOW HITPOINT WARNING * * *
You feel extremely sick. Something hits you.
* * * LOW HITPOINT WARNING * * *
You shoot an arrow.
You die...

. ##+## .# ##...##
{. ##.....## )#
##.......## ..#
#.........####...###
#
+...@{....'.........
.
#.........####...#.#
# ##.......## .##
##.....## # ##†..##
##)## ###.#####
###.......#
#.........##


There were no monsters in sight!

Vanquished Creatures
  Natasha (twice) (D:2)
  Robin (D:2)
  5 adders (D:2)
  2 worms (D:2)
  5 dart slugs
  2 orcs (D:3)
  3 ball pythons
  2 endoplasms (D:2)
  4 giant cockroaches (D:1)
  14 goblins
  10 hobgoblins
  7 jackals
  8 kobolds
  7 quokkas
  4 bats
  2 frilled lizards
  6 rats
84 creatures vanquished.

Notes
Turn   | Place    | Note
-------+----------+-------------------------------------------
     0 | D:1      | night the Demigod Hunter began the quest for the Orb.
     0 | D:1      | Reached XP level 1. HP: 17/17 MP: 3/3
    98 | D:1      | Reached skill level 2 in Fighting
    98 | D:1      | Reached skill level 2 in Dodging
   230 | D:1      | Reached XP level 2. HP: 24/24 MP: 4/4
   437 | D:1      | Reached skill level 4 in Ranged Weapons
   579 | D:1      | Got Plato's Book of the Missiles
   624 | D:1      | Reached XP level 3. HP: 29/29 MP: 5/5
  1191 | D:2      | Noticed Natasha
  1201 | D:2      | Killed Natasha
  1202 | D:2      | Reached XP level 4. HP: 27/37 MP: 6/6
  1458 | D:2      | Noticed Natasha
  1480 | D:2      | Killed Natasha
  1858 | D:2      | Noticed Robin
  1874 | D:2      | Reached XP level 5. HP: 39/44 MP: 7/7
  1889 | D:2      | Reached skill level 5 in Ranged Weapons
  1898 | D:2      | Killed Robin
  2569 | D:3      | HP: 4/45 [poisoned by an orc wizard]
  2570 | D:3      | Succumbed to an orc wizard's poison

Illustrated notes

Levels and vault maps discovered:
D:1:      dpeg_arrival_tiny_d, layout_basic, serial_bayou, serial_bayou_lake_a,
          serial_bayou_shore_b, serial_bayou_pond_b, serial_bayou_pond_e,
          shapermc_ecumenical_altar_rom_forum, moated_statue,
          minmay_misc_feat_square
D:2:      layout_loops_corners, hex_medium, chequers_avenue, uniq_natasha,
          uniq_robin
D:3:      layout_loops_corners

Skill      XL: |  1  2  3  4  5 |
---------------+----------------+-----
Fighting       | 2 3 |  3.0
Dodging        | 2 3 |  3.1
Ranged Weapons | 4 5 |  5.1
Stealth        | |  0.8

Action                     |  1- 3 |  4- 6 || total
---------------------------+-------+-------++-------
   Fire: Shortbow          |   135 |   118 ||   253
    Use: Scroll            |     3 |     1 ||     4
         Potion            |       |     1 ||     1
 Armour: Leather armour    |    15 |    18 ||    33
  Dodge: Dodged            |    28 |    38 ||    66

Table legend: (Time is in decaauts)
 A = Elapsed time spent in this place.
 B = Non-inter-level travel time spent in this place.
 C = Inter-level travel time spent in this place.
 D = Time resting spent in this place.
 E = Time spent auto-exploring this place.
 F = Levels seen in this place.
 G = Mean time per level.
                   A        B        C        D        E       F      G
               +--------+--------+--------+--------+--------+-----+--------+
         Total |   2672 |   2515 |    157 |      0 |   2034 |   3 |  890.7 |
       Dungeon |   2672 |   2515 |    157 |      0 |   2034 |   3 |  890.7 |
               +--------+--------+--------+--------+--------+-----+--------+

Top non-repeatable levels by time:
     D:2: 1295 daAuts
     D:1: 889 daAuts
     D:3: 487 daAuts
